 Dungeon Crawl Stone Soup version 0.29.1-2-gbd0b4ee654 (webtiles) character file.

Game seed: 9391319095004435946

414435 sizableburger the Eclecticist (level 22, -38/175 HPs)
             Began as a Mummy Fire Elementalist on Oct 20, 2022.
             Was the Champion of Ru.
             Killed from afar by a living spell (82 damage)
             ... with a crystal spear
             ... summoned by a walking crystal tome
             ... on level 3 of the Depths on Oct 25, 2022.
             The game lasted 04:58:56 (80202 turns).

sizableburger the Eclecticist (MuFE)               Turns: 80202, Time: 04:58:57

Health: -38/175    AC: 27    Str: 15    XL:     22   Next: 21%
Magic:  22/38      EV:  8    Int: 31    God:    Ru [******]
Gold:   4299       SH:  8    Dex: 17    Spells: 12/55 levels left

rFire   + . .      SeeInvis .   A - staff of conjuration
rCold   . . .      Faith    .   S - +2 buckler
rNeg    + + +      Spirit   .   X - +2 fire dragon scales
rPois   ∞          Reflect  .   u - +2 helmet
rElec   .          Harm     .   i - +2 cloak {Will+}
rCorr   .          Rampage  .   y - +2 pair of gloves
Will    +++..                   e - +2 pair of boots of Vytt {Dex+4}
Stlth   ..........              K - amulet "Puihuph" {Regen+ Int+4}
HPRegen 1.19/turn               c - ring of wizardry
MPRegen 0.26/turn               o - +6 ring of intelligence

@: very slightly contaminated, unable to read
A: cold resistance 1, low MP 1, negative energy resistance 3, screaming 1,
torment resistance 2, heat vulnerability 1, inability to read after injury 2, no
stealth, hated by all, inability to train dodging, disrupted magic 1, in touch
with death 2, no potions
}: 3/15 runes: decaying, silver, gossamer
a: Renounce Religion, Draw Out Power, Power Leap, Apocalypse


You were on level 3 of the Depths.
You worshipped Ru.
Ru was exalted by your worship.
You visited 8 branches of the dungeon, and saw 39 of its levels.
You also visited: Bailey and Ice Cave.

You collected 5302 gold pieces.
You spent 1003 gold pieces at shops.

Inventory:

Hand Weapons
 B - the +9 quarterstaff "Dungoaf" {speed, rF++ Dex+3}
   (You found it in a bailey)

   Attacks with this weapon are significantly faster.
   Dex:       It affects your dexterity (+3).
   rF:        It greatly protects you from fire.
Missiles
 E - 3 throwing nets
Armour
 e - the +2 pair of boots of Vytt (worn) {Dex+4}
   (You found it on level 5 of the Vaults)

   Dex:       It affects your dexterity (+4).
 f - a +2 kite shield
 i - a +2 cloak of willpower (worn)
 r - a +2 hat of see invisible
 u - a +2 helmet (worn)
 y - a +2 pair of gloves (worn)
 M - a +1 pair of gloves of hurling
 S - a +2 buckler (worn)
 T - the +1 pair of boots of Lasug {rElec Str-2 Int+5 Stlth+}
   (You found it on level 4 of the Spider Nest)

   Str:       It affects your strength (-2).
   Int:       It affects your intelligence (+5).
   rElec:     It insulates you from electricity.
   Stlth:     It makes you more stealthy.
 X - +2 fire dragon scales (worn)
Magical Staves
 A - a staff of conjuration (weapon)
 C - a staff of death
 G - a staff of fire
Jewellery
 a - a +4 ring of protection
 b - a ring of resist corrosion
 c - a ring of wizardry (left hand)
 j - a ring of flight
 o - a +6 ring of intelligence (right hand)
 K - the amulet "Puihuph" (around neck) {Regen+ Int+4}
   (You found it on level 5 of the Lair of Beasts)

   [amulet of regeneration]

   Int:       It affects your intelligence (+4).
   Regen:     It increases your rate of health regeneration.
 Q - a ring of see invisible
 R - a ring of wizardry
 Y - the ring "Inwoufar" {rElec rC+ rCorr Int+4}
   (You took it off a vault warden on level 5 of the Vaults)

   [ring of resist corrosion]

   Int:       It affects your intelligence (+4).
   rC:        It protects you from cold.
   rElec:     It insulates you from electricity.
   rCorr:     It protects you from acid and corrosion.
 Z - the ring "Odoul" {rF+ Will- AC+4 Str+4}
   (You took it off a vault warden on level 5 of the Vaults)

   [ring of protection]

   AC:        It affects your AC (+4).
   Str:       It affects your strength (+4).
   rF:        It protects you from fire.
   Will:      It decreases your willpower.
Wands
 k - a wand of roots (37)
 s - a wand of flame (65)
 w - a wand of polymorph (26)
 x - a wand of paralysis (49)
 F - a wand of mindburst (17)
 I - a wand of quicksilver (7)
 J - a wand of digging (16)
Scrolls
 d - 5 scrolls of immolation
 g - 5 scrolls of blinking
 l - 8 scrolls of fear
 m - 8 scrolls of amnesia
 n - 8 scrolls of poison
 p - 7 scrolls of teleportation
 t - 3 scrolls of torment
 v - a scroll of brand weapon
 z - 9 scrolls of enchant weapon
 H - 5 scrolls of magic mapping
 L - a scroll of silence
Miscellaneous
 U - a condenser vane


   Skills:
 - Level 15.0 Fighting
 - Level 9.1 Staves
 + Level 10.8 Armour
 + Level 6.3 Shields
 - Level 17.2 Spellcasting
 + Level 16.9 Conjurations
 - Level 4.6 Hexes
 - Level 13.6 Necromancy
 - Level 7.2 Fire Magic
 - Level 5.1 Ice Magic
 - Level 5.3 Air Magic
 - Level 7.0 Earth Magic
 - Level 13.0 Evocations


You had 12 spell levels left.
You knew the following spells:

 Your Spells              Type           Power      Damage    Failure   Level
b - Scorch                Fire           100%       2d10      1%          2
c - Flame Wave            Conj/Fire      100%       2d21      1%          4
d - Freezing Cloud        Conj/Ice/Air   45%        6-21      3%          5
e - Sticky Flame          Conj/Fire      100%       2d11      1%          4
f - Iron Shot             Conj/Erth      50%        9d10      5%          6
g - Anguish               Hex/Necr       56%        N/A       1%          4
h - Iskenderun's Battles  Conj           100%       2d15      1%          5
i - Magic Dart            Conj           100%       1d8       1%          1
j - Orb of Destruction    Conj           57%        9d14      4%          7
k - Borgnjor's Vile Clut  Necr/Erth      58%        N/A       2%          5

Your spell library contained the following spells:

 Spells                   Type           Power      Damage    Failure   Level
 Foxfire                  Conj/Fire      100%       2x1d9     1%          1
 Freeze                   Ice            100%       1d11      1%          1
 Necrotise                Necr           100%       1d9       1%          1
 Ensorcelled Hibernation  Hex/Ice        100%       N/A       1%          2
 Passwall                 Tmut/Erth      40%        N/A       1%          2
 Searing Ray              Conj           100%       2d8       1%          2
 Conjure Flame            Conj/Fire      100%       6-21      1%          3
 Frozen Ramparts          Ice            100%       1d16      1%          3
 Inner Flame              Hex/Fire       59%        N/A       1%          3
 Mephitic Cloud           Conj/Pois/Air  83%        N/A       1%          3
 Ozocubu's Armour         Ice            56%        N/A       1%          3
 Swiftness                Air            56%        N/A       1%          3
 Vampiric Draining        Necr           100%       2d13      1%          3
 Dispel Undead            Necr           100%       3d31      1%          4
 Fulminant Prism          Conj/Hex       48%        3d21      1%          4
 Hailstorm                Conj/Ice       97%        3d19      1%          4
 Iskenderun's Mystic Bla  Conj/Tloc      87%        2d17      1%          4
 Agony                    Necr           100%       N/A       1%          5
 Fireball                 Conj/Fire      50%        3d20      1%          5
 Lightning Bolt           Conj/Air       48%        1d69      1%          5
 Corpse Rot               Necr/Pois/Air  99%        N/A       3%          4
 Apportation              Tloc           52%        N/A       4%          1
 Leda's Liquefaction      Hex/Erth       29%        N/A       4%          4
 Ignite Poison            Fire/Tmut/Pois 41%        N/A       5%          3
 Portal Projectile        Hex/Tloc       82%        N/A       5%          3
 Airstrike                Air            28%        2d(4-20)  5%          4
 Cause Fear               Hex            26%        N/A       6%          4
 Lee's Rapid Deconstruct  Erth           31%        3d17*     7%          5
 Conjure Ball Lightning   Conj/Air       48%        3x3d17    7%          6
 Gell's Gravitas          Tloc           26%        N/A       12%         3
 Teleport Other           Tloc           26%        N/A       12%         3
 Metabolic Englaciation   Hex/Ice        27%        N/A       14%         5
 Passage of Golubria      Tloc           26%        N/A       34%         4
 Yara's Violent Unravell  Hex/Tmut       20%        3d9       36%         5
 Lehudib's Crystal Spear  Conj/Erth      50%        10d12     82%         8
 Enfeeble                 Hex            26%        N/A       98%         7
 Dispersal                Tloc           13%        N/A       99%         6
 Disjunction              Tloc           13%        N/A       100%        8
 Animate Dead             Necr           Unusable   N/A       N/A         4
 Tukima's Dance           Hex            Unusable   N/A       N/A         3
 Death Channel            Necr           Unusable   N/A       N/A         6
 Summon Small Mammal      Summ           Unusable   N/A       N/A         1
 Summon Guardian Golem    Hex/Summ       Unusable   N/A       N/A         3
 Summon Lightning Spire   Summ/Air       Unusable   N/A       N/A         4
 Simulacrum               Ice/Necr       Unusable   N/A       N/A         6
 Spellforged Servitor     Conj/Summ      Unusable   N/A       N/A         7
 Blade Hands              Tmut           Unusable   N/A       N/A         5
 Statue Form              Tmut/Erth      Unusable   N/A       N/A         6
 Storm Form               Tmut/Air       Unusable   N/A       N/A         7

Dungeon Overview and Level Annotations

Branches:
Dungeon (15/15)            Temple (1/1) D:6            Lair (5/5) D:10
  Swamp (4/4) Lair:3       Spider (4/4) Lair:3        Slime (0/5) Lair:5
    Orc (2/2) D:11            Elf (0/3) Orc:2        Vaults (5/5) D:13
  Crypt (0/3) Vaults:3     Depths (3/4) D:15         Bailey (visited)
  IceCv (visited)

Altars:
Ashenzari
Cheibriados
Dithmenos
Gozag
Kikubaaqudgha
Makhleb
Nemelex Xobeh
Okawaru
Qazlal
Ru
Sif Muna
Trog
Uskayaw
Vehumet
Wu Jian
Xom

Shops:
D:4 !   D:13 =   D:14 [   Orc:2 (!:?   Vaults:1 (=?   Vaults:4 **[!
Vaults:5 *!

Portals:
Hell: Depths:1 Depths:2
Abyss: Lair:2 Depths:2 Depths:3
Pandemonium: Depths:2
Ziggurat: Depths:1

Annotations:
D:4 2 transporters
Lair:2 1 transporter, TheSexyCheese's ghost, novice GrFi
Swamp:1 Roxanne
Swamp:4 2 transporters, quakins's ghost, adept MiBe
Spider:3 3 runed translucent doors, Firaete's ghost, journeyman MeAE; Xosikhlu's ghost, adept MiHu


Innate Abilities, Weirdness & Mutations

You are immune to poison.
Your flesh is cold resistant. (rC+)
Your magical capacity is low. (-10% MP)
You are immune to negative energy. (rN+++)
You occasionally shout uncontrollably at your foes.
You are immune to unholy pain and torment.
You are vulnerable to heat. (rF-)
You sometimes lose the ability to read scrolls when taking damage.
You cannot be stealthy.
You are hated by all.
You cannot train Dodging skill.
Your casting is slightly disrupted.
You are strongly in touch with the powers of death.
You do not drink.


Message History

Press: ? - help, Shift-Dir - straight line, f - walking crystal tome
Aim: a walking crystal tome (100% to hit)
You feel a strong surge of power!
Zombie hands grab the walking crystal tome.
The zombie hands constrict the walking crystal tome!
The walking crystal tome erupts in a flurry of living spells!
The zombie hands constrict the walking crystal tome!!
The walking crystal tome struggles to escape constriction.
The living spell casts itself at you. The crystal spear hits you!!!
The living spell begins to attack, but is stunned by your conviction!
There is an empty arch of ancient stone here.
Casting: Borgnjor's Vile Clutch (mildly dangerous; 2% risk of failure)
Confirm with . or Enter, or press ? or * to list all spells.
Aiming: Iron Shot (dangerous; 5% risk of failure)
Press: ? - help, Shift-Dir - straight line, f/p - walking crystal tome
Aim: a walking crystal tome (moderately damaged, constricted by zombie hands, 100% to hit)
You feel a surge of power!
You miscast Iron Shot.
You are very lightly contaminated with residual magic.
Rocks fall onto you out of nowhere.
The zombie hands constrict the walking crystal tome!
The walking crystal tome erupts in a flurry of living spells!
The living spell casts itself at you. The crystal spear hits you!!
You feel threatened and lose the ability to read scrolls!
Casting: Iron Shot (dangerous; 5% risk of failure)
Confirm with . or Enter, or press ? or * to list all spells.
Aiming: Iron Shot (dangerous; 5% risk of failure)
Press: ? - help, Shift-Dir - straight line, f/p - walking crystal tome
Aim: a walking crystal tome (heavily damaged, constricted by zombie hands, 100% to hit)
You feel a surge of power!
You miscast Iron Shot.
Nothing appears to happen.
The zombie hands constrict the walking crystal tome.
The walking crystal tome struggles to escape constriction.
The living spell begins to attack, but is stunned by your conviction!
The living spell casts itself at you. The crystal spear hits you!!!
* * * LOW HITPOINT WARNING * * *
The living spell casts itself at you. The crystal spear hits you!!!!
You die...

♣♣♣♣♣♣♣♣♣♣♣.♣ ♣.♣.♣#.##....#.#...
..........♣.♣ ♣.♣♣# #.....<....
♣♣♣♣♣♣♣♣♣.♣.♣ ##∩## #..........
♣....).#♣.♣.♣##...## #.....C..#.
♣.####.#♣.♣.♣#....>#......#....#
♣[#).'.#♣.♣..#**;*.#......#......
♣.#).'.#♣.♣.♣#....>#.............
♣.######♣)♣.♣##...##.#...........
♣.♣♣♣♣♣♣♣.♣.♣ ##@###.#...........
♣.........♣.♣ ♣.♣ # #.........
♣♣♣♣♣♣♣♣♣♣♣.♣ ♣.♣ #.........
)...........♣ ♣♣.♣♣ ♣♣♣♣♣.♣♣♣♣♣♣♣
♣...♣ ##.## ###♣...♣# ♣♣...♣♣
♣.#.....# ♣♣.♣.♣.♣♣ ♣.......#
♣♣.♣♣?♣♣.♣♣♣.()....#


You could see a walking crystal tome (clutched) and 3 living crystal spells.

Vanquished Creatures
  Nikola (Swamp:3)
  A golden dragon (Vaults:5)
  Rupert (D:15)
  6 tentacled monstrosities
  2 liches (Vaults:5)
  4 titans
  A quicksilver dragon (Vaults:5)
  Gastronok (Lair:2)
  7 sphinxes
  9 shadow dragons
  A thorn hunter (Swamp:2)
  3 storm dragons
  4 tengu reavers
  A fenstrider witch (Swamp:4)
  Kirke (Swamp:1)
  A fire giant (Vaults:5)
  2 iron dragons (Vaults:5)
  The ghost of Icepheonix32 the Executioner, a journeyman MiFi of Makhleb (Spider:1)
  2 ghost moths
  12 vault wardens
  4 orc warlords
  2 deep elf sorcerers (Vaults:5)
  9 emperor scorpions
  10 frost giants
  Aizul (Swamp:1)
  3 war gargoyles
  11 ironbound preservers
  17 very ugly things
  8 ironbound thunderhulks
  3 broodmothers
  A vampire knight (Depths:1)
  9 stone giants
  2 eleionomae
  2 deep elf demonologists (Vaults:5)
  The ghost of Getisk the Envoy of Void, a journeyman PaAK of Lugonu (Lair:3)
  7 spark wasps
  2 entropy weavers
  3 bunyips
  17 dire elephants
  A deep elf annihilator (Vaults:5)
  11 ettins
  A deep elf death mage (Vaults:5)
  A crystal guardian (Vaults:3)
  4 fire dragons
  8 yaktaur captains
  The ghost of Zeld the Cleaver, a journeyman MiBe of Trog (Lair:1)
  Josephine (Spider:1)
  5 great orbs of eyes
  3 deep elf high priests
  33 vault guards
  A hell beast (Depths:2)
  3 ice dragons
  4 ogre magi
  A caustic shrike simulacrum (IceCv)
  A peacekeeper (Vaults:3)
  Harold (Lair:1)
  14 hydras
  5 ironbound frosthearts
  5 boulder beetles
  18 centaur warriors
  A death knight (D:15)
  3 jorogumos
  4 rakshasas
  3 radroaches
  A merfolk avatar (Lair:5)
  18 two-headed ogres
  A catoblepas (D:13)
  Erica (D:11)
  3 death yaks (Lair:1)
  9 deep troll earth magi
  10 alligators
  3 vampire magi
  2 deep troll shamans
  A thrashing horror (Lair:2)
  4 tengu warriors
  9 hell knights
  4 spriggan berserkers
  Nergalle (Lair:2)
  A sun demon (Depths:2)
  A sixfirhy (Depths:2)
  9 pharaoh ants
  5 sun moths
  A goliath frog (shapeshifter) (Depths:3)
  6 steelbarb worms
  4 iron trolls
  2 glowing orange brains
  14 swamp dragons
  4 spriggan druids
  A deep troll (shapeshifter) (D:15)
  29 deep trolls
  4 flayed ghosts
  12 orb spiders
  6 skeletal warriors (D:13)
  Pikel (D:9)
  3 wizards
  8 bog bodies (Swamp:4)
  2 orange crystal statues
  22 ironbound convokers
  A sea snake (Lair:5)
  4 spectral wolf spiders (Spider:4)
  8 lindwurms
  16 orc knights
  8 wolf spider zombies (Spider:4)
  3 phantasmal warriors
  11 necromancers
  A deep elf pyromancer (D:14)
  A fire giant zombie (Vaults:4)
  23 wolf spiders
  35 ugly things
  A salamander (shapeshifter) (Vaults:5)
  2 will-o-the-wisps
  6 manticores
  7 cyclopes
  17 elephants
  A stone giant zombie (Vaults:5)
  A faun (shapeshifter) (Vaults:5)
  3 moths of wrath
  11 vault sentinels
  Maurice (D:8)
  A stone giant skeleton (Vaults:3)
  A rust devil (Depths:2)
  A smoke demon (Depths:2)
  3 black mambas
  A frost giant skeleton (Vaults:5)
  2 ice statues
  4 kobold demonologists
  A komodo dragon (shapeshifter) (D:14)
  6 torpor snails
  6 cane toads
  2 orange demons (Depths:2)
  12 demonic crawlers
  2 rime drakes
  9 komodo dragons
  4 tengu conjurers
  23 yaktaurs
  8 freezing wraiths
  2 efreet
  9 trolls
  An anaconda simulacrum (IceCv)
  Psyche (D:8)
  2 red devils (Depths:2)
  A meliai (Spider:4)
  A yaktaur skeleton (Vaults:3)
  16 hornets
  7 polar bears
  24 tarantellas
  3 wolf spider simulacra (Spider:4)
  7 tyrant leeches
  Prince Ribbit (D:7)
  8 blink frogs
  3 wind drakes (Lair:5)
  36 slime creatures
  22 dream sheep
  A snapping turtle (shapeshifter) (Vaults:5)
  22 culicivoras
  27 jumping spiders
  4 wyverns
  A vampire (D:12)
  7 wraiths
  48 yaks
  16 spriggans
  3 water elementals
  A shadow (D:13)
  3 hogs (Swamp:1)
  Eustachio (D:6)
  10 basilisks
  An elf zombie (Vaults:5)
  6 steam dragons
  15 vampire mosquitoes
  4 large abominations (Depths:1)
  51 redbacks
  5 wargs
  A harpy simulacrum (IceCv)
  4 acid dragons
  14 swamp worms
  A glowing shapeshifter zombie (Vaults:3)
  14 water moccasins
  A hydra simulacrum (IceCv)
  7 small abominations (Depths:1)
  2 sky beasts
  6 swamp drakes
  5 black bears
  A glowing shapeshifter skeleton (Vaults:5)
  41 orc warriors
  2 alligator simulacra (IceCv)
  8 ice beasts (Lair:5)
  11 wolves
  3 boggarts (Vaults:4)
  10 ogres
  12 centaurs
  4 human zombies
  2 lemures (D:9)
  A kobold brigand (D:6)
  9 bullfrogs
  A gnoll sergeant (D:10)
  3 scorpions
  6 killer bees (D:7)
  2 lindwurm simulacra (IceCv)
  10 howler monkeys
  3 hounds (D:5)
  15 orc priests
  Crazy Yiuf (D:5)
  14 human skeletons
  An iguana (Lair:3)
  18 orc wizards
  17 gnolls
  12 adders
  2 white imps (Lair:5)
  2 dart slugs
  100 orcs
  16 ball pythons
  5 bats
  2 endoplasms (D:1)
  A giant cockroach (D:3)
  5 goblins
  15 hobgoblins
  A jackal (D:2)
  21 kobolds
  3 quokkas
  5 frilled lizards
  6 rats
  A bush (D:5)
1572 creatures vanquished.

Vanquished Creatures (collateral kills)
  2 foxfires
2 creatures vanquished.

Vanquished Creatures (others)
  A titan (Vaults:5)
  A fenstrider witch (Swamp:3)
  A frost giant (Depths:2)
  A vault warden (Vaults:4)
  2 stone giants
  2 dire elephants
  A bunyip (Swamp:2)
  An ettin (Vaults:5)
  A great orb of eyes (Vaults:4)
  A boulder beetle (D:11)
  A two-headed ogre (D:15)
  5 centaur warriors
  An alligator (Swamp:3)
  A hell knight (Depths:3)
  2 skeletal warriors (D:13)
  3 goliath frogs
  2 steelbarb worms
  A deep troll (Depths:3)
  An orc knight (Orc:2)
  A phantasmal warrior (Vaults:4)
  A wolf spider (Spider:3)
  2 manticores
  A tengu skeleton (Vaults:4)
  An ugly thing (D:13)
  A cyclops (D:13)
  An elephant (Lair:4)
  An orange demon (Depths:2)
  A gargoyle (D:12)
  A freezing wraith (D:13)
  5 yaktaurs
  A polar bear (Lair:5)
  A bloated husk (Swamp:2)
  A troll (Orc:1)
  A large abomination (Depths:1)
  2 tyrant leeches
  A jumping spider (Spider:3)
  A culicivora (Lair:3)
  A yak (Lair:4)
  2 redbacks
  2 swamp worms
  7 orc warriors
  A centaur (D:11)
  2 orc priests
  2 orcs
  A bush (Lair:5)
  772 foxfires
  50 fungi
  82 plants
  6 withered plants (Spider:3)
981 creatures vanquished.

Grand Total: 2555 creatures vanquished

Notes
Turn   | Place    | Note
-------+----------+-------------------------------------------
     0 | D:1      | sizableburger the Mummy Fire Elementalist began the quest
                  | for the Orb.
     0 | D:1      | Reached XP level 1. HP: 13/13 MP: 4/4
    99 | D:1      | Reached skill level 1 in Conjurations
   181 | D:1      | Reached skill level 3 in Spellcasting
   211 | D:1      | Reached XP level 2. HP: 19/19 MP: 3/6
   520 | D:1      | Learned a level 2 spell: Scorch
   650 | D:1      | Gained mutation: You are in touch with the powers of death.
                  | [Mummy growth]
   650 | D:1      | Reached XP level 3. HP: 24/24 MP: 2/7
  1450 | D:2      | Found a faded altar of an unknown god.
  1925 | D:2      | Reached XP level 4. HP: 30/30 MP: 6/9
  2196 | D:3      | You fall into a shaft and drop 1 floor!
  2209 | D:4      | Found a snail-covered altar of Cheibriados.
  2214 | D:4      | Reached skill level 4 in Spellcasting
  2226 | D:5      | Entered Level 5 of the Dungeon
  2509 | D:4      | Reached XP level 5. HP: 27/35 MP: 2/11
  2592 | D:4      | Noticed a water moccasin
  2602 | D:4      | Killed a water moccasin
  2603 | D:4      | Reached XP level 6. HP: 35/41 MP: 2/12
  2657 | D:4      | Learned a level 4 spell: Flame Wave
  2721 | D:4      | Found Omiublep's Distillery.
  2753 | D:4      | Found a transporter.
  3299 | D:4      | Found an iron altar of Okawaru.
  3474 | D:4      | Found a burning altar of Makhleb.
  3499 | D:4      | Found a transporter.
  3820 | D:5      | Reached XP level 7. HP: 11/46 MP: 3/13
  4479 | D:5      | Reached skill level 5 in Spellcasting
  4479 | D:5      | Reached skill level 5 in Fire Magic
  4722 | D:5      | Found a runed translucent door.
  4723 | D:5      | Noticed Crazy Yiuf
  4730 | D:5      | Killed Crazy Yiuf
  4936 | D:6      | Reached skill level 5 in Conjurations
  4936 | D:6      | Reached XP level 8. HP: 52/52 MP: 11/15
  4951 | D:6      | Found a broken altar of Ashenzari.
  5254 | D:6      | Learned a level 5 spell: Freezing Cloud
  5324 | D:6      | Reached skill level 1 in Fighting
  5498 | D:6      | Noticed a two-headed ogre
  5527 | D:6      | Killed a two-headed ogre
  5607 | D:6      | Reached XP level 9. HP: 63/63 MP: 12/16
  5642 | D:6      | Found a staircase to the Ecumenical Temple.
  5655 | Temple   | Entered the Ecumenical Temple
  6153 | D:6      | Found a shadowy altar of Dithmenos.
  6153 | D:6      | Noticed Eustachio
  6183 | D:6      | Killed Eustachio
  6980 | D:3      | Found an ornate altar of the Wu Jian Council.
  7979 | D:7      | Noticed Prince Ribbit
  7984 | D:7      | Killed Prince Ribbit
  8193 | D:7      | Found a sacrificial altar of Ru.
  8214 | D:7      | Became a worshipper of Ru the Awakened
  8699 | D:8      | Noticed Psyche
  8703 | D:8      | Killed Psyche
  8704 | D:8      | Reached skill level 5 in Fighting
  9003 | D:8      | Noticed Maurice
  9015 | D:8      | Reached XP level 10. HP: 34/74 MP: 4/18
  9017 | D:8      | Killed Maurice
  9018 | D:8      | Reached skill level 6 in Spellcasting
  9018 | D:8      | Reached skill level 5 in Ice Magic
  9398 | D:8      | Learned a level 4 spell: Sticky Flame
  9412 | D:8      | Noticed a two-headed ogre
  9421 | D:8      | Killed a two-headed ogre
  9422 | D:8      | Reached skill level 1 in Armour
  9422 | D:8      | Reached skill level 5 in Air Magic
 10032 | D:9      | Gained mutation: You are hated by all. [Ru sacrifice]
 10032 | D:9      | Reached * piety under Ru
 10291 | D:9      | Reached skill level 7 in Spellcasting
 10485 | D:9      | Noticed Pikel
 10490 | D:9      | Noticed a two-headed ogre
 10491 | D:9      | Killed Pikel
 10499 | D:9      | Killed a two-headed ogre
 10706 | D:9      | Reached skill level 8 in Spellcasting
 10706 | D:9      | Reached XP level 11. HP: 79/79 MP: 15/23
 10922 | D:9      | Learned a level 6 spell: Iron Shot
 11200 | D:10     | Entered Level 10 of the Dungeon
 11307 | D:10     | Noticed a two-headed ogre
 11329 | D:10     | Reached skill level 1 in Earth Magic
 11675 | D:10     | Reached skill level 1 in Evocations
 11676 | D:10     | Killed a two-headed ogre
 11711 | D:10     | Noticed a two-headed ogre
 11771 | D:10     | Found an opulent altar of Gozag.
 11779 | D:10     | Killed a two-headed ogre
 11862 | D:10     | Found a flagged portal.
 11868 | Bailey   | Entered a bailey
 11987 | Bailey   | Noticed an orc warlord
 12187 | Bailey   | Noticed an orc knight
 12217 | Bailey   | Killed an orc knight
 12370 | Bailey   | Noticed an orc knight
 12378 | Bailey   | Killed an orc knight
 12570 | Bailey   | Found a runed translucent gate.
 12571 | Bailey   | Found a runed translucent gate.
 12573 | Bailey   | Found a runed translucent gate.
 12889 | Bailey   | Killed an orc warlord
 13130 | Bailey   | Identified the +9 quarterstaff "Dungoaf" {speed, rF++
                  | Dex+3}
 13601 | D:10     | Found a staircase to the Lair.
 14041 | D:10     | Learned a level 4 spell: Anguish
 14230 | Lair:1   | Entered Level 1 of the Lair of Beasts
 14606 | Lair:1   | Noticed Zeld's ghost (journeyman MiBe)
 14616 | Lair:1   | Found a transporter.
 14618 | Lair:1   | Found a transporter.
 14637 | Lair:1   | Reached skill level 1 in Necromancy
 14646 | Lair:1   | Reached skill level 1 in Hexes
 14647 | Lair:1   | Gained mutation: You cannot train Dodging skill. [Ru
                  | sacrifice]
 14647 | Lair:1   | Reached ** piety under Ru
 14647 | Lair:1   | Reached *** piety under Ru
 15021 | Lair:1   | Noticed a death yak
 15039 | Lair:1   | Killed a death yak
 15040 | Lair:1   | Reached XP level 12. HP: 76/91 MP: 11/24
 15118 | Lair:1   | Noticed a death yak
 15119 | Lair:1   | Noticed a death yak
 15134 | Lair:1   | Killed a death yak
 15134 | Lair:1   | Killed a death yak
 15260 | Lair:1   | Noticed Harold
 15373 | Lair:1   | Killed Harold
 16128 | Lair:1   | Killed Zeld's ghost
 16129 | Lair:1   | Reached skill level 9 in Spellcasting
 16514 | Lair:2   | Noticed Gastronok
 17276 | Lair:2   | Found a transporter.
 17329 | Lair:2   | Killed Gastronok
 17330 | Lair:2   | Reached skill level 5 in Earth Magic
 17935 | Lair:2   | Noticed Nergalle
 17946 | Lair:2   | Killed Nergalle
 17947 | Lair:2   | Reached skill level 5 in Necromancy
 17955 | Lair:2   | Gained mutation: You occasionally lose the ability to read
                  | scrolls when taking damage. [Ru sacrifice]
 17955 | Lair:2   | Gained mutation: You sometimes lose the ability to read
                  | scrolls when taking damage. [Ru sacrifice]
 17955 | Lair:2   | Reached **** piety under Ru
 17955 | Lair:2   | Reached ***** piety under Ru
 18232 | Lair:2   | Noticed TheSexyCheese's ghost (novice GrFi)
 18234 | Lair:2   | Noticed a rakshasa
 18337 | Lair:2   | Found a transporter.
 18385 | Lair:3   | Found a hole to the Spider Nest.
 18412 | Lair:3   | Found a bloodstained altar of Trog.
 18443 | Lair:3   | Found a runed translucent door.
 18443 | Lair:3   | Noticed Getisk's ghost (journeyman PaAK)
 18449 | Lair:3   | Reached skill level 10 in Spellcasting
 19236 | Lair:3   | Gained mutation: You are strongly in touch with the powers
                  | of death. [Mummy growth]
 19236 | Lair:3   | Reached XP level 13. HP: 96/96 MP: 18/27
 19888 | Lair:3   | Found a staircase to the Swamp.
 20157 | Lair:3   | Killed Getisk's ghost
 20924 | Lair:4   | Reached skill level 11 in Spellcasting
 21253 | Lair:4   | Reached skill level 5 in Armour
 21463 | Lair:4   | Reached skill level 5 in Evocations
 22068 | Lair:4   | Reached skill level 1 in Staves
 22581 | Lair:5   | Entered Level 5 of the Lair of Beasts
 23444 | Lair:5   | Found a staircase to the Slime Pits.
 23630 | Lair:5   | Reached XP level 14. HP: 103/103 MP: 8/29
 24253 | Lair:5   | Identified the +6 trident "Hek Hupp" {vorpal, Int+3}
 24259 | Lair:5   | Identified the amulet "Puihuph" {Regen+ Int+4}
 25680 | D:11     | Noticed Erica
 25689 | D:11     | Killed Erica
 26171 | D:11     | Found a hide-covered altar of Uskayaw.
 26262 | D:11     | Gained mutation: Your magical capacity is low. (-10% MP)
                  | [Ru sacrifice]
 26840 | D:11     | Found a staircase to the Orcish Mines.
 28501 | Orc:1    | Entered Level 1 of the Orcish Mines
 28530 | Orc:1    | Gained mutation: You cannot be stealthy. [Ru sacrifice]
 29344 | Orc:2    | Entered Level 2 of the Orcish Mines
 29379 | Orc:2    | Reached skill level 5 in Staves
 29789 | Orc:1    | Found a shimmering blue altar of Sif Muna.
 30507 | Orc:2    | Gained mutation: You occasionally shout uncontrollably at
                  | your foes. [Ru sacrifice]
 30580 | Orc:2    | Found a staircase to the Elven Halls.
 31517 | Orc:2    | Found Dolidy's Book Shoppe.
 31519 | Orc:2    | Found Nuviluw's Magic Scroll Boutique.
 31521 | Orc:2    | Reached skill level 12 in Spellcasting
 32088 | Orc:2    | Found Kexum's Weapon Shoppe.
 32088 | Orc:2    | Found Mid Wuem's Distillery.
 32276 | Orc:2    | Bought a book of Conjurations for 280 gold pieces
 32283 | Orc:2    | Learned a level 5 spell: Iskenderun's Battlesphere
 32285 | Orc:2    | Learned a level 1 spell: Magic Dart
 32398 | D:13     | Found Agifo's Jewellery Boutique.
 32419 | D:13     | Gained mutation: Your casting is slightly disrupted. [Ru
                  | sacrifice]
 32419 | D:13     | Reached ****** piety under Ru
 33201 | D:13     | Reached XP level 15. HP: 53/108 MP: 13/28
 33879 | D:13     | Identified the +1 robe of Polytheism {rF+}
 34135 | D:13     | HP: 3/110 [red ugly thing (28)]
 34256 | D:13     | Reached skill level 13 in Spellcasting
 34994 | D:13     | Found a bloodstained altar of Trog.
 35249 | D:13     | Found a gate to the Vaults.
 35614 | D:14     | Found the +10 morningstar "Eos" {elec, Halo rElec}
 36529 | D:14     | Reached skill level 10 in Conjurations
 36708 | D:14     | Found Rimead's Antique Armour Shop.
 36714 | D:14     | Bought a steaming chain mail for 323 gold pieces
 36714 | D:14     | Identified the +0 chain mail "Bitoczawn" {rC- Regen+ Str-5
                  | Int+8} (You bought it in a shop on level 14 of the Dungeon)
 36891 | D:15     | Entered Level 15 of the Dungeon
 37074 | D:15     | Noticed Rupert
 37240 | D:15     | Killed Rupert
 38088 | D:15     | Reached skill level 1 in Shields
 38501 | D:15     | Reached XP level 16. HP: 104/107 MP: 7/29
 38731 | D:15     | Found a staircase to the Depths.
 39359 | Lair:2   | Found a one-way gate to the infinite horrors of the Abyss.
 39525 | Spider:1 | Entered Level 1 of the Spider Nest
 39822 | Spider:1 | Noticed Josephine
 39823 | Spider:1 | Reached skill level 10 in Fighting
 39980 | Swamp:1  | Entered Level 1 of the Swamp
 40414 | Swamp:1  | Identified Roxanne's Papyrus of the Boulder
 40414 | Swamp:1  | Noticed Roxanne
 41016 | Swamp:1  | Noticed Kirke
 41029 | Swamp:1  | Noticed a sphinx
 41039 | Swamp:1  | Killed Kirke
 41040 | Swamp:1  | Reached skill level 10 in Evocations
 41213 | Swamp:1  | Noticed Aizul
 41222 | Swamp:1  | Killed Aizul
 41375 | Swamp:1  | You fall into a shaft and drop 1 floor!
 41404 | Swamp:2  | Noticed a thorn hunter
 41412 | Swamp:2  | Killed a thorn hunter
 42633 | Swamp:3  | Noticed Nikola
 42983 | Swamp:3  | Killed Nikola
 43006 | Swamp:3  | Paralysed by a fenstrider witch for 4 turns
 43473 | Swamp:3  | Found a shimmering blue altar of Sif Muna.
 43479 | Swamp:3  | Reached skill level 14 in Spellcasting
 44045 | Swamp:4  | Entered Level 4 of the Swamp
 44312 | Swamp:4  | Noticed quakins's ghost (adept MiBe)
 44317 | Swamp:4  | Found a bloodstained altar of Trog.
 44318 | Swamp:4  | Found a transporter.
 44338 | Swamp:4  | Identified the +6 short sword of Zerphyh {vorpal, rN+ Will-
                  | Str+9}
 44368 | Swamp:4  | Found a transporter.
 44388 | Swamp:4  | Reached XP level 17. HP: 128/128 MP: 6/31
 45542 | Swamp:4  | Reached skill level 15 in Spellcasting
 45853 | Swamp:4  | Got a decaying rune of Zot
 45930 | Swamp:4  | Upgraded the game from 0.29.1-1-gd02db6906a to
                  | 0.29.1-2-gbd0b4ee654
 46253 | Spider:1 | Killed Josephine
 46729 | Spider:1 | Noticed Icepheonix32's ghost (journeyman MiFi)
 46732 | Spider:1 | Found a runed translucent door.
 46932 | Spider:1 | Killed Icepheonix32's ghost
 47517 | Spider:2 | Learned a level 7 spell: Orb of Destruction
 47523 | Spider:2 | Learned a level 5 spell: Borgnjor's Vile Clutch
 49618 | Spider:3 | Reached skill level 16 in Spellcasting
 50910 | Spider:3 | Found a runed translucent gate.
 50910 | Spider:3 | Found a runed translucent gate.
 50910 | Spider:3 | Found a runed translucent gate.
 50911 | Spider:3 | Noticed Firaete's ghost (journeyman MeAE)
 50911 | Spider:3 | Noticed Xosikhlu's ghost (adept MiHu)
 51026 | Spider:3 | Identified the +5 arbalest of the Telling Genius {freeze,
                  | Fragile rN+ Will+ Int+3}
 51149 | Spider:3 | Reached XP level 18. HP: 134/134 MP: 23/34
 51947 | Spider:4 | Entered Level 4 of the Spider Nest
 52307 | Spider:4 | Found a frozen archway.
 52329 | IceCv    | Entered an ice cave
 52472 | IceCv    | Found a transporter.
 52482 | IceCv    | Found a transporter.
 53141 | Spider:4 | Reached skill level 17 in Spellcasting
 54220 | Spider:4 | Identified the +1 pair of boots of Lasug {rElec Str-2 Int+5
                  | Stlth+}
 55779 | Spider:4 | Got a gossamer rune of Zot
 56301 | Vaults:1 | Entered Level 1 of the Vaults
 56301 | Vaults:1 | Found Xous's Magic Scroll Shoppe.
 57268 | Vaults:1 | Found Yreblil's Weapon Boutique.
 57279 | Vaults:1 | Found Odduibia's Jewellery Boutique.
 57287 | Vaults:1 | Bought a ring of protection from fire for 400 gold pieces
 58627 | Vaults:2 | Identified the +1 leather armour of the Crypt {rPois Str+8
                  | Dex-2 SInv}
 58993 | Vaults:2 | Reached XP level 19. HP: 126/143 MP: 31/36
 61048 | Vaults:2 | Identified the +1 hand axe "Pexzicig" {pain, rN+ Int+2
                  | Dex+7}
 62295 | Vaults:3 | Reached skill level 10 in Necromancy
 63319 | Vaults:3 | Found a staircase to the Crypt.
 63319 | Vaults:3 | Found an ancient bone altar of Kikubaaqudgha.
 64901 | Vaults:4 | Found Kixix's Antique Armour Shop.
 64984 | Vaults:4 | Found Kaukh's Distillery.
 65008 | Vaults:4 | Found Ceofeobbuo's General Store.
 65322 | Vaults:4 | Found Ekyis's Assorted Antiques.
 65383 | Vaults:4 | Reached XP level 20. HP: 140/155 MP: 32/37
 66063 | Vaults:4 | Reached skill level 15 in Conjurations
 66614 | Vaults:5 | Entered Level 5 of the Vaults
 66722 | Vaults:5 | Noticed a golden dragon
 66969 | Depths:1 | Entered Level 1 of the Depths
 66973 | Depths:1 | Found a gateway to Hell.
 68002 | Depths:1 | Found a one-way gateway to a ziggurat.
 68941 | Vaults:5 | Killed a golden dragon
 70024 | Depths:2 | Found a transporter.
 70979 | Vaults:5 | Reached XP level 21. HP: 132/146 MP: 24/37
 71596 | Vaults:5 | Identified the +1 chain mail of the Ecumenical Temple {rF+
                  | rN+ rCorr Int+6}
 71867 | Vaults:5 | Identified the +6 sling "Worm" {vorpal, rN++ Will- Str+2}
 71867 | Vaults:5 | Identified the ring "Odoul" {rF+ Will- AC+4 Str+4}
 71968 | Vaults:5 | Identified the ring "Inwoufar" {rElec rC+ rCorr Int+4}
 72860 | Vaults:5 | Identified the +2 pair of boots of Vytt {Dex+4}
 72959 | Vaults:5 | Found Moull's General Store.
 72960 | Vaults:5 | Identified the +1 long sword of Pride {chaos, +Blink Fly
                  | Stlth-}
 74464 | Depths:2 | Found a one-way gate leading to the halls of Pandemonium.
 74920 | Depths:2 | You fall into a shaft and drop 1 floor!
 75137 | Depths:2 | Reached skill level 15 in Fighting
 76168 | Vaults:5 | Reached skill level 10 in Armour
 76592 | Vaults:5 | Reached skill level 5 in Shields
 77000 | Vaults:5 | Got the Volume of Outbursts and Forms
 77035 | Vaults:5 | Got a silver rune of Zot
 77063 | Vaults:5 | Got Anaogob's Tractate on the Squall and Ensorcelling
 77322 | Vaults:5 | Found Luzeoll's Distillery.
 77415 | Vaults:5 | Identified the +5 ring mail of Dogma {Str+2 Int-3 Dex+2
                  | SInv}
 77888 | Depths:2 | Found a transporter.
 78631 | Depths:3 | Reached XP level 22. HP: 122/172 MP: 22/38
 79780 | Depths:3 | Noticed a golden dragon
 79926 | Depths:3 | Identified the +9 dagger "Zeoneom" {protect, *Noise rPois
                  | rC+++}
 80202 | Depths:3 | Killed from afar by a living spell

Illustrated notes

Levels and vault maps discovered:
D:1:      lightli_arrival_chessboard, layout_rooms, corner_web_ring,
          minmay_pentomino_z4
D:2:      layout_loops_ring, hellmonk_ecumenical_altar_blasted,
          palyth_stone_intersect, st_stairs_5, kennysheep_generic_room_15
D:3:      layout_rooms, amcnicky_altar_gilded, portal_sewer_entry_b,
          minmay_misc_feat_roman, minmay_cupped
D:4:      gammafunk_wand_slinger, layout_loops_ring, overflow_temple_1_default,
          mainiacjoe_overflow_catwalk, marbit_many_paths, serial_shops, shop,
          minmay_misc_feat_square, nicolae_kite_square_tiling_tiny
D:5:      layout_loops_cross, minmay_misc_feat_pillars, uniq_crazy_yiuf_cottage
D:6:      layout_loops_corners, ashenzari_conservatory_becter,
          nicolae_dithmenos_through_a_glass_darkly,
          minmay_temple_entry_overgrown, uniq_eustachio
D:7:      layout_loops_ring, mainiacjoe_overflow_six_doors_small,
          grunt_ministairs_1, uniq_prince_ribbit1
D:8:      layout_rooms, minmay_fractal_squares_5, uniq_maurice, uniq_psyche
D:9:      layout_loops_corners, uniq_pikel
D:10:     layout_loops_corners, mainiacjoe_overflow_tiny_flanked,
          mainiacjoe_overflow_alcove_2, grunt_lair_entry_orc_guard_hut,
          enter_bailey_2
D:11:     layout_irregular_city, orc_0_dummy, eat_drink_and_be_merry_uskayaw,
          uniq_erica
D:12:     layout_small_grid, minmay_misc_feat_ornament
D:13:     minmay_the_grid_octo_tiled_octocenter_mashed
          [minmay_the_grid_octo_vomiting_pacman,
          minmay_the_grid_octo_tetromino_candy, minmay_the_grid_octo_concentric,
          minmay_the_grid_octo_horde, minmay_the_grid_octo_prize_star,
          minmay_the_grid_square_5x5_v, minmay_the_grid_square_5x5_three_walls,
          minmay_the_grid_square_5x5_meh,
          minmay_the_grid_square_5x5_misaligned], layout_loops_ring,
          david_vaults_4, serial_shops, shop_coins
D:14:     layout_long_grid, serial_shops, nicolae_shop_stone
D:15:     gammafunk_enter_depths_forms, layout_basic,
          dreamdust_princess_corridor, uniq_rupert
Temple:   compressed_dpeg_triangle_lava_temple
Lair:1:   layout_cave_pods, nzn_ghost_randoct, serial_bayou_shore_a, uniq_harold
Lair:2:   layout_roguey, gammafunk_ghost_abyssal_escape, uniq_nergalle,
          uniq_gastronok
Lair:3:   wander_river, layout_small_grid, palyth_hydra_swamp_entry,
          spider_nest_entry_web_field, gammafunk_ghost_grave, basic_altar
Lair:4:   layout_regular_city, grunt_megastairs_4
Lair:5:   gammafunk_lair_ancient_temple, layout_regular_city,
          dpeg_slime_entry_enclosed, ice2_lemuel
Swamp:1:  layout_basic_swamp, evilmike_swamp_ruin_wall, uniq_kirke,
          uniq_roxanne, uniq_aizul
Swamp:2:  layout_basic_swamp, nicolae_swamp_ascending_descending
Swamp:3:  layout_basic_swamp, basic_altar, uniq_nikola
Swamp:4:  swamp_basic_johnstein, layout_basic_swamp,
          gammafunk_ghost_wrathful_warriors
Spider:1: layout_spider_delve, hellmonk_ghost_happy_afterlife, uniq_josephine
Spider:2: layout_cave_pods, spiders_nest_spider_trap
Spider:3: layout_chambers, gammafunk_ghost_cemetery, guppyfry_spider_mini_1
Spider:4: grunt_spider_rune_island, portal_ice_cave_entry_ice_statue_one,
          nicolae_spider_undead_wolf_pack
Orc:1:    layout_diamond_mine, led_sif_book
Orc:2:    st_orc_town, layout_caves
Vaults:1: hangedman_vaults_trim, v_misc_15, hangedman_vaults_locks, v_rooms_2,
          layout_vaults_omnigrid, serial_shops, shop, shop_statue,
          nicolae_shop_bloodbath_and_beyond
Vaults:2: hangedman_vaults_trim, grunt_vaults_focal,
          hangedman_vaults_stretched_pinwheel, nicolae_vaults_twisting_passages,
          nicolae_vaults_ninety_degrees, ontoclasm_vaults_gallery, v_rooms_4,
          layout_vaults_chaotic_city
Vaults:3: v_misc_11, v_misc_4, vaults_room_stairs_pillars,
          ontoclasm_vaults_misaligned, vaults_room_fours,
          hangedman_vaults_stagger, grunt_vaults_diagonal,
          minmay_crypt_entry_necro_gods, dpeg_vaults_monster_row,
          ontoclasm_vaults_ligature, grunt_vaults_funnel,
          layout_vaults_omnicross
Vaults:4: ontoclasm_vaults_fault, v_misc_11, v_misc_4,
          nicolae_vaults_little_squares_2, v_misc_12, grunt_vaults_twisty,
          dpeg_vaults_monster_box, vaults_mumra_hexcomb, layout_vaults_ring,
          serial_shops, shop_coins, shop, nicolae_shop_window_shopping,
          nicolae_shop_waterfront
Vaults:5
Depths:1: layout_gridlike, enter_ziggurat_b, hell_entry,
          chequers_serial_rivers_marsh, laboratory, nicolae_triple_integral,
          serial_bayou_shore_b
Depths:2: kennysheep_green_arena, layout_cave_shapes, solitary_fountain,
          hangedman_abyss_entry_splay, grunt_pan_entry_in_and_out,
          hangedman_tar_grid_catacomb, minivault_16, nicolae_diode_stairs,
          serial_bayou_shore_b
Depths:3: nzn_winding_woodlands_stair_trap [nzn_winding_woodlands_5x15_jagged,
          nzn_winding_woodlands_5x15_lazy_stream,
          nzn_winding_woodlands_5x15_sawtooth,
          nzn_winding_woodlands_15x15_boxy_spiral,
          nzn_winding_woodlands_5x15_pockets,
          nzn_winding_woodlands_5x15_default, nzn_winding_woodlands_5x15_eye],
          layout_basic, hell_entry, kennysheep_decorative_pillar,
          abyss_entry_small_statue_room

Skill      XL: |  1  2  3  4  5  6  7  8  9 10 11 12 13 14 15 16 17 18 19 20 21 22 |
---------------+-------------------------------------------------------------------+-----
Conjurations   | 1 2 3 4 5 6 7 8 9 10 11 12 14 15 16 | 16.9
Spellcasting   | 3 4 5 8 10 11 12 13 14 16 17 | 17.2
Fire Magic     | 3 4 5 6 7 |  7.2
Fighting       | 3 5 7 9 10 11 12 14 15 | 15.0
Ice Magic      | 2 4 5 |  5.1
Air Magic      | 2 4 5 |  5.3
Armour         | 3 6 7 9 10 | 10.8
Earth Magic    | 3 5 7 |  7.0
Evocations     | 3 6 7 9 10 12 13 | 13.0
Necromancy     | 1 5 8 10 12 13 | 13.6
Hexes          | 1 4 |  4.6
Dodging        | 0 |  0.0
Staves         | 3 5 7 9 |  9.1
Stealth        | 0 |  0.0
Shields        | 1 3 5 6 |  6.3

Action                   |  1- 3 |  4- 6 |  7- 9 | 10-12 | 13-15 | 16-18 | 19-21 | 22-24 || total
-------------------------+-------+-------+-------+-------+-------+-------+-------+-------++-------
Melee: Unarmed           |     1 |       |       |     1 |       |       |       |       ||     2
       Quarterstaff      |       |       |       |     6 |   539 |    12 |       |       ||   557
       Staff             |       |       |       |       |    40 |   490 |   610 |    88 ||  1228
 Cast: Foxfire           |    65 |     2 |    80 |   153 |   124 |     2 |       |       ||   426
       Scorch            |    13 |    45 |   108 |   167 |   100 |    46 |     4 |       ||   483
       Flame Wave        |       |     3 |    11 |     4 |    35 |    23 |     7 |       ||    83
       Freezing Cloud    |       |       |     4 |    29 |    57 |    61 |    38 |       ||   189
       Sticky Flame      |       |       |       |    14 |    32 |    12 |     1 |     1 ||    60
       Iron Shot         |       |       |       |     4 |    56 |    80 |    81 |    16 ||   237
       Anguish           |       |       |       |     3 |    70 |    29 |     7 |       ||   109
       Magic Dart        |       |       |       |       |    88 |   491 |   318 |       ||   897
       Iskenderun's Batt |       |       |       |       |    20 |    90 |    56 |       ||   166
       Borgnjor's Vile C |       |       |       |       |       |    74 |   145 |    23 ||   242
       Orb of Destructio |       |       |       |       |       |    20 |    41 |     5 ||    66
Invok: Sacrifice Love    |       |       |       |     1 |       |       |       |       ||     1
       Sacrifice Nimblen |       |       |       |     1 |       |       |       |       ||     1
       Draw Out Power    |       |       |       |     1 |     3 |     6 |     5 |     1 ||    16
       Sacrifice Words   |       |       |       |     1 |       |       |       |       ||     1
       Reject Sacrifices |       |       |       |       |     1 |       |       |       ||     1
       Sacrifice Essence |       |       |       |       |     2 |       |       |       ||     2
       Sacrifice Purity  |       |       |       |       |     1 |       |       |       ||     1
       Sacrifice Stealth |       |       |       |       |     1 |       |       |       ||     1
       Apocalypse        |       |       |       |       |     5 |     2 |     9 |       ||    16
       Power Leap        |       |       |       |       |     3 |     4 |       |     1 ||     8
Evoke: Wand              |       |       |       |     5 |     5 |    18 |     6 |     3 ||    37
       Condenser vane    |       |       |       |       |       |     2 |     1 |       ||     3
  Use: Scroll            |       |     5 |     4 |    13 |     7 |     9 |     7 |       ||    45
 Stab: Paralysed         |       |       |       |     2 |     2 |    19 |     8 |       ||    31
       Invisible         |       |       |       |       |    10 |     6 |     1 |       ||    17
       Sleeping          |       |       |       |       |     1 |       |       |       ||     1
       Distracted        |       |       |       |       |     1 |     1 |     3 |     1 ||     6
Armor: Robe              |     1 |       |       |       |       |       |       |       ||     1
       Ring mail         |     1 |       |       |       |       |       |       |       ||     1
       Leather armour    |       |     7 |    50 |    86 |   412 |    86 |       |       ||   641
       Acid dragon scale |       |       |       |       |     9 |       |       |       ||     9
       Swamp dragon scal |       |       |       |       |       |   534 |   149 |       ||   683
       Fire dragon scale |       |       |       |       |       |       |   233 |    61 ||   294
Dodge: Dodged            |    10 |    19 |    43 |    97 |   469 |   390 |   225 |    19 ||  1272
Block: Buckler           |       |       |       |       |       |   257 |   214 |    30 ||   501
